AoeStats
← franto

Arena

507093429Analyzed
1v1 RM · 15d ago on Sep 16, 2026· 55m 29s· 2 players
Game mode
Random Map
Map size
Tiny (2 player)
Population
200
Speed
Normal
Resources
Standard
Victory
Conquest
Starting age
Dark Age
Ending age
Imperial Age
RankedLock teamsTeams togetherTeam positionsShared explorationLock speedFull tech treeHidden civsTurbo modeCheats
Victory
Defeat
🇧🇷 Portuguese · Brazil
869
+16
🇺🇸 Britons · United States
865
-43
franto
7:19 Loom
11:36 Feudal Age
16:50 Castle Age
15:28 Double-Bit Axe
15:28 Horse Collar
16:21 Stone Mining
19:50 Fletching
30:40 Elite Skirmisher
34:17 Padded Archer Armor
35:40 Heavy Plow
37:31 Gold Mining
41:04 Imperial Age
39:23 Wheelbarrow
40:56 Ballistics
40:45 Murder Holes
42:14 Conscription
43:01 Leather Archer Armor
43:21 Cavalier
43:34 Pikeman
46:01 Yeomen
48:55 Halberdier
52:37 Hand Cart
55:06 Forging
_Lupin_
10:21 Feudal Age
15:10 Castle Age
15:45 Double-Bit Axe
17:15 Bow Saw
28:32 Gold Mining
28:32 Stone Mining
28:50 Scale Barding Armor
28:57 Forging
32:17 Imperial Age
33:04 Husbandry
32:24 Cavalier
35:36 Chain Barding Armor
35:52 Iron Casting
41:10 Stone Shaft Mining
46:30 Plate Barding Armor
Connection lost

Rejoining the realm…

Still unreachable

The connection could not be restored.

Session expired

The server has moved on; the page needs a fresh start.